Selects Australian Defense Battlegroup
Selects Australian Light Infantry Section
Australian Light Infantry Section
Australian Light Infantry Section
Construct Section Command Post
Construct Platoon Command Post
Selects 2-pounder Anti-tank Gun Team
Construct Field Infirmary
Selects CMP 15cwt Supply Run
Selects Reinforced Resource Caches
Selects Artillery Trip Wire Flares
Construct Company Command Post
Selects Vehicle Over Repair
Selects Reinforced Resource Caches
Selects Artillery Trip Wire Flares
Selects Charged Creeping Barrage
2-pounder Anti-tank Gun Team
2-pounder Anti-tank Gun Team